 Dungeon Crawl Stone Soup version 0.30.1 (webtiles) character file.

Game seed: 13583604692851566444

175 Graphine the Chopper (level 5, -1/47 HPs)
             Began as a Hill Orc Fighter on July 3, 2023.
             Was a Believer of Cheibriados.
             Succumbed to a scorpion's poison
             ... on level 4 of the Dungeon.
             The game lasted 00:04:05 (1426 turns).

Graphine the Chopper (Hill Orc Fighter)             Turns: 1426, Time: 00:04:06

Health: -1/47      AC:  7    Str: 26    XL:     5   Next: 55%
Magic:  6/7        EV:  9    Int: 13    God:    Cheibriados [**....]
Gold:   196        SH:  5    Dex: 15    Spells: 4/4 levels left

rFire   . . .        j - +5 dagger "Kaisieg" {elec, rPois}
rCold   . . .        c - +0 buckler
rNeg    . . .        b - +0 scale mail
rPois   +            (no helmet)
rElec   .            (no cloak)
rCorr   .            (no gloves)
SInv    .            (no boots)
Will    .....        (no amulet) Stlth
                     (no ring)
HPRegen 0.27/turn    (no ring)
MPRegen 0.10/turn

%: no passive effects
@: mighty, brilliant, lethally poisoned (-1 -> -5), flying, very slow
A: no striking features
a: Renounce Religion, Bend Time


You were on level 4 of the Dungeon.
You worshipped Cheibriados.
Cheibriados was pleased with you.
You visited 1 branch of the dungeon, and saw 4 of its levels.

You collected 196 gold pieces.

Inventory:

Hand Weapons
 a - a +0 war axe
 j - the +5 dagger "Kaisieg" (weapon) {elec, rPois}
   (You found it on level 2 of the Dungeon)

   rPois:     It protects you from poison.
Armour
 b - a +0 scale mail (worn)
 c - a +0 buckler (worn)
Potions
 d - 2 potions of might
 e - a potion of resistance


   Skills:
 + Level 4.4 Fighting
 * Level 4.5 Axes
 + Level 4.0 Armour
 + Level 4.0 Shields
 * Level 3.0 Invocations


You had 4 spell levels left.
You didn't know any spells.
Your spell library was empty.

Dungeon Overview and Level Annotations

Branches:
Dungeon (4/15)
 Temple: D:4-7

Altars:
Cheibriados


Message History

The scorpion closely misses you.
Cleave: a) +0 war axe
Press: ? - help, Dir - move target, f/p - scorpion
Aim: a scorpion (moderately wounded, about 40% to evade your +0 war axe)
You slice the scorpion!!
You kill the scorpion!
Cheibriados appreciates the change of pace.
* * * LOW HITPOINT WARNING * * *
You feel very sick.
Your Armour skill increases to level 4!
Your Shields skill increases to level 4!
Your Invocations skill increases to level 3!
Okay, then.
Okay, then.
Okay, then.
It was a potion of brilliance.
You feel clever all of a sudden.
* * * LOW HITPOINT WARNING * * *
You feel very sick.
It was a potion of flight.
You feel very buoyant.
You fly up into the air.
* * * LOW HITPOINT WARNING * * *
You feel very sick.
* * * LOW HITPOINT WARNING * * *
You feel sick.
* * * LOW HITPOINT WARNING * * *
You feel sick.
* * * LOW HITPOINT WARNING * * *
You feel very sick.
Items here: ))) [ ††.
* * * LOW HITPOINT WARNING * * *
You feel sick.
You see here a wand of iceblast (5).
You aren't carrying any scrolls.
Okay, then.
You aren't carrying any scrolls.
You hear the crackle of electricity.
j - the +5 dagger "Kaisieg" (weapon)
{elec, rPois} You die...

### #####.##
##..##..##
#........#
###.<.)#..##
#.....)....##
#..../##†...#
....>..#@....##
......##..####
.....#..#.#
.....#..###
.#.#...# ## ...
.... ....


There were no monsters in sight!

Vanquished Creatures
  2 scorpions (D:4)
  3 dart slugs
  5 orcs (D:4)
  4 bats
  7 endoplasms
  2 giant cockroaches (D:2)
  3 goblins
  4 jackals (D:1)
  A quokka (D:2)
  6 ball pythons
  A frilled lizard (D:2)
  5 kobolds
  4 rats (D:2)
47 creatures vanquished.

Notes
Turn   | Place    | Note
-------+----------+-------------------------------------------
     0 | D:1      | Graphine the Hill Orc Fighter began the quest for the Orb.
     0 | D:1      | Reached XP level 1. HP: 19/19 MP: 1/1
   134 | D:1      | Reached XP level 2. HP: 26/27 MP: 2/2
   304 | D:1      | Noticed a golden eye
   305 | D:1      | Found a faded altar of an unknown god.
   308 | D:1      | Noticed a golden eye
   308 | D:1      | Noticed a great orb of eyes
   308 | D:1      | Noticed a golden eye
   323 | D:1      | Prayed at the altar of an unknown god.
   323 | D:1      | Became a worshipper of Cheibriados the Contemplative
   323 | D:1      | Reached * piety under Cheibriados
   650 | D:2      | Reached XP level 3. HP: 33/33 MP: 3/3
   712 | D:2      | Reached skill level 1 in Invocations
   917 | D:2      | Identified the +5 dagger "Kaisieg" {elec, rPois}
  1027 | D:2      | Reached ** piety under Cheibriados
  1395 | D:3      | You fall into a shaft and drop 1 floor!
  1400 | D:4      | Noticed a scorpion
  1409 | D:4      | Reached XP level 4. HP: 32/40 MP: 5/5
  1411 | D:4      | Noticed a scorpion
  1412 | D:4      | Killed a scorpion
  1413 | D:4      | Reached XP level 5. HP: 32/46 MP: 6/6
  1423 | D:4      | HP: 2/47 [poisoned by a scorpion]
  1426 | D:4      | Succumbed to a scorpion's poison

Illustrated notes

Levels and vault maps discovered:
D:1:      kilobyte_arrival_exit_the_forest, layout_rooms,
          hellmonk_ecumenical_altar_watching_god, minmay_gold_behind_fungi,
          hangedman_decor_push
D:2:      layout_loops_ring, grunt_ministairs_14
D:3:      layout_basic, nicolae_vehumet_radiance, marbit_many_paths,
          st_stairs_6, wander_ebering_terrifying_dragon_lair, uniq_grinder
D:4:      layout_cave_pools, uniq_robin

Skill      XL: |  1  2  3  4  5 |
---------------+----------------+-----
Axes           | 3 4 |  4.5
Invocations    | 1 2 3 |  3.0
Fighting       | 4 |  4.4
Armour         | 4 |  4.0
Shields        | 4 |  4.0

Action                     |  1- 3 |  4- 6 || total
---------------------------+-------+-------++-------
  Melee: War axe           |    95 |     7 ||   102
    Use: Scroll            |     5 |       ||     5
         Potion            |     1 |     2 ||     3
 Armour: Scale mail        |    55 |     1 ||    56
  Dodge: Dodged            |    41 |     2 ||    43
  Block: Buckler           |    32 |     3 ||    35
